 Dungeon Crawl Stone Soup version 0.30-a0-222-ge547ba4400 (webtiles) character file.

Game seed: 17098472399590123812

30 Aibolit the Shield-Bearer (level 3, -1/29 HPs)
             Began as a Human Fighter on Oct 8, 2022.
             Slain by an iguana (7 damage)
             ... on level 2 of the Dungeon.
             The game lasted 00:01:40 (1358 turns).

Aibolit the Shield-Bearer (Human Fighter)           Turns: 1358, Time: 00:01:41

Health: -1/29      AC:  6    Str: 18    XL:     3   Next: 37%
Magic:  12/12      EV:  9    Int:  8    God:
Gold:   51         SH:  4    Dex: 12    Spells: 2/2 levels left

rFire   . . .      SeeInvis .    a - +0 rapier
rCold   . . .      Faith    .    c - +0 buckler
rNeg    . . .      Spirit   .    b - +0 scale mail
rPois   .          Reflect  .    (no helmet)
rElec   .          Harm     .    (no cloak)
rCorr   .          Rampage  .    (no gloves)
Will    .....                    (no boots)
Stlth   ..........               (no amulet)
HPRegen 0.24/turn                f - ring of magical power
MPRegen 0.13/turn                (no ring)

@: no status effects
A: no striking features
a: no special abilities


You were on level 2 of the Dungeon.
You visited 1 branch of the dungeon, and saw 2 of its levels.

You collected 51 gold pieces.

Inventory:

Hand Weapons
 a - a +0 rapier (weapon)
Armour
 b - a +0 scale mail (worn)
 c - a +0 buckler (worn)
Jewellery
 f - a ring of magical power (left hand)
Scrolls
 e - 2 scrolls of poison {unknown}
 h - a scroll of teleportation {unknown}
 i - a scroll of identify {unknown}
 j - a scroll of enchant armour {unknown}
Potions
 d - a potion of might
 g - 2 potions of degeneration {unknown}


   Skills:
 + Level 3.3 Fighting
 - Level 2.0 Short Blades
 + Level 3.3 Armour
 * Level 1.0 Dodging
 + Level 3.3 Shields


You had 2 spell levels left.
You didn't know any spells.
Your spell library was empty.

Dungeon Overview and Level Annotations

Branches:
Dungeon (2/15)

Altars:

Shops:
D:1 (


Message History

You hear an angry hiss.
An iguana comes into view.
The goblin shoots a sling bullet.
The sling bullet barely misses you.
The goblin shoots a sling bullet.
The sling bullet misses you.
The goblin unwields a +0 sling.
The goblin wields a +0 dagger.
You block the goblin's attack.
You hit the goblin.
You kill the goblin!
You barely miss the iguana.
A rat comes into view.
You block the iguana's attack.
You hit the iguana.
The iguana is moderately wounded.
The iguana barely misses you.
You hit the iguana.
The iguana is moderately wounded.
The iguana bites you!
You barely miss the iguana.
The iguana is moderately wounded.
The iguana barely misses you.
You closely miss the iguana.
The iguana is moderately wounded.
The iguana bites you! The iguana completely misses you.
You are too injured to fight recklessly!
You are too injured to fight recklessly!
You are too injured to fight recklessly!
The iguana attacks as you move away! The iguana barely misses you.
Unknown command.
The iguana attacks as you move away! The iguana barely misses you.
You closely miss the iguana.
The iguana is moderately wounded.
The iguana bites you.
* * * LOW HITPOINT WARNING * * *
You hit the iguana but do no damage.
The iguana is moderately wounded.
The iguana bites you but does no damage.
You hit the iguana.
The iguana is heavily wounded.
The iguana bites you!
You die...

... ...# ... ..... #.#
#. .. .... #.#. #. .#
###.. #.# .##. .# .....
#.# ...#.######.. #.#
#........... #@#
#..####...## #l#
#...........
#r######..#.#####.
#........>..#####.
......).....†###....†...
.............# #........
.............# #........
.............# #........
......)......# #........


You could see an iguana and a rat.

Vanquished Creatures
  A worm (D:2)
  A ball python (D:2)
  4 endoplasms
  A giant cockroach (D:1)
  3 goblins
  3 hobgoblins
  A quokka (D:1)
  2 bats (D:1)
  A frilled lizard (D:1)
  6 kobolds (D:1)
  A rat (D:1)
24 creatures vanquished.

Notes
Turn   | Place    | Note
-------+----------+-------------------------------------------
     0 | D:1      | Aibolit the Human Fighter began the quest for the Orb.
     0 | D:1      | Reached XP level 1. HP: 18/18 MP: 1/1
     3 | D:1      | Found Rub Gosau's Antique Weapon Shoppe.
   158 | D:1      | Reached XP level 2. HP: 24/24 MP: 2/2
   199 | D:1      | Found a faded altar of an unknown god.
   649 | D:1      | Reached XP level 3. HP: 19/29 MP: 3/3
   779 | D:1      | Reached skill level 1 in Dodging
  1358 | D:2      | Slain by an iguana

Illustrated notes

Levels and vault maps discovered:
D:1:      roderic_crossed_star, layout_basic, serial_shops,
          nicolae_shop_crystal, ebering_ecumenical_altar_petrified,
          serial_bayou, serial_bayou_lake_a, serial_bayou_shore_b,
          serial_bayou_ford_a, serial_bayou_lagoon_b, serial_bayou_pond_a,
          st_stairs_7
D:2:      layout_basic, basic_altar, uniq_natasha

Skill      XL: |  1  2  3 |
---------------+----------+-----
Dodging        | 1 |  1.0
Fighting       | |  3.3
Short Blades   | |  2.0
Armour         | |  3.3
Shields        | |  3.3

Action                   || total
-------------------------++-------
Melee: Rapier            ||   110
Armor: Scale mail        ||    33
Dodge: Dodged            ||    42
Block: Buckler           ||    22

Table legend: (Time is in decaauts)
 A = Elapsed time spent in this place.
 B = Non-inter-level travel time spent in this place.
 C = Inter-level travel time spent in this place.
 D = Time resting spent in this place.
 E = Time spent auto-exploring this place.
 F = Levels seen in this place.
 G = Mean time per level.
                   A        B        C        D        E       F      G
               +--------+--------+--------+--------+--------+-----+--------+
         Total |   1428 |   1373 |     55 |    164 |   1002 |   2 |  714.0 |
       Dungeon |   1428 |   1373 |     55 |    164 |   1002 |   2 |  714.0 |
               +--------+--------+--------+--------+--------+-----+--------+

Top non-repeatable levels by time:
     D:1: 1035 daAuts
     D:2: 393 daAuts
